 Dungeon Crawl Stone Soup version 0.25-a0-1007-g10a8c3caa8 (webtiles) character file.

Game seed: 14947523234583835891, levelgen mode: deterministic

399 Hasart the Chiller (level 6, -4/41 HPs)
             Began as a Mummy Ice Elementalist on May 11, 2020.
             Slain by a phantom (7 damage)
             ... on level 5 of the Dungeon.
             The game lasted 00:06:46 (5513 turns).

Hasart the Chiller (Mummy Ice Elementalist)         Turns: 5513, Time: 00:06:46

Health: -4/41      AC:  4    Str: 12    XL:     6   Next: 53%
Magic:  8/12       EV: 13    Int: 16    God:
Gold:   247        SH:  5    Dex: 17    Spells: 6/14 levels left

rFire    x . .     SeeInvis .   k - +2 hand axe (vorpal)
rCold    + . .     Gourm    .   c - +0 buckler
rNeg     + + +     Faith    .   a - +0 robe
rPois    ∞         Spirit   .   (no helmet)
rElec    .         Reflect  .   h - +0 cloak
rCorr    .         Harm     .   l - +0 pair of gloves
MR       .....                  (no boots)
Stlth    ++........             (no amulet)
HPRegen  0.13/turn              b - +5 ring of dexterity
MPRegen  0.13/turn              (no ring)

@: very slightly contaminated
A: no food or potions, fire vulnerability, cold resistance 1, negative energy
resistance 3, torment resistance, unbreathing
a: no special abilities


You were on level 5 of the Dungeon.
You were not hungry.

You visited 1 branch of the dungeon, and saw 5 of its levels.

You collected 247 gold pieces.

Inventory:

Hand Weapons
 k - a +2 vorpal hand axe (weapon)
Armour
 a - a +0 robe (worn)
 c - a +0 buckler (worn)
 h - a +0 cloak (worn)
 l - a +0 pair of gloves (worn)
Jewellery
 b - a +5 ring of dexterity (left hand)
Scrolls
 d - 9 scrolls of identify {unknown}
 e - a scroll of enchant weapon {unknown}
 f - 3 scrolls of remove curse {unknown}
 g - 3 scrolls of magic mapping {unknown}
 i - 2 scrolls of teleportation {unknown}
 j - a scroll of blinking {unknown}
 m - a scroll of immolation {unknown}
 n - 2 scrolls of fear {unknown}
 o - a scroll of enchant armour {unknown}


   Skills:
 + Level 2.9 Dodging
 - Level 1.5 Stealth
 + Level 2.0 Shields
 + Level 4.6 Spellcasting
 * Level 4.9 Ice Magic


You had 6 spell levels left.
You knew the following spells:

 Your Spells              Type           Power        Failure   Level  Hunger
a - Freeze                Ice            ###.         2%          1    N/A
b - Frozen Ramparts       Ice            ###...       9%          3    N/A
c - Summon Ice Beast      Ice/Summ       ##......     58%         4    N/A

Your spell library contained the following spells:

 Spells                   Type           Power        Failure   Level  Hunger
 Ozocubu's Armour         Chrm/Ice       ##......     22%         3    N/A
 Hailstorm                Conj/Ice       ##......     58%         4    N/A

Dungeon Overview and Level Annotations

Branches:
Dungeon (5/15)
 Temple: D:4-7

Altars:
Cheibriados
Elyvilon


Innate Abilities, Weirdness & Mutations

You do not eat or drink.
Your flesh is vulnerable to fire.
You are immune to poison.
Your flesh is cold resistant. (rC+)
You are immune to negative energy. (rN+++)
You are immune to unholy pain and torment.
You can survive without breathing.


Message History

Unknown command.
You miss the phantom.
The phantom is heavily damaged.
The phantom blinks!
Unknown command.
Casting: Freeze (safe; 2% risk of failure)
Confirm with . or Enter, or press ? or * to list all spells.
Okay, then.
Casting: Freeze (safe; 2% risk of failure)
Confirm with . or Enter, or press ? or * to list all spells.
The spell is extremely dangerous to cast (58% risk of failure)!
Continue anyway?
You miscast Summon Ice Beast.
You are very lightly contaminated with residual magic.
A fistful of eyes flickers past your view.
A nameless horror comes into view.
Unknown command.
You hit the phantom but do no damage.
The phantom is heavily damaged.
The phantom hits you!
You die...

########
.......##
#.....# #...##
#....##
#..#..##
##.##..##
#..#...##
#..##..@##
#..###.W..#
##..#.X....#
#..........#
#...........#
#.........$..#
##.............
#..............
#.
####.........


You could see a nameless horror and a phantom.

Vanquished Creatures
  A sky beast (D:4)
  A crimson imp (D:5)
  An orc priest (D:3)
  A worker ant (D:3)
  2 hound skeletons
  A worker ant zombie (D:5)
  Robin (D:2)
  4 gnolls (D:4)
  A shadow imp (D:5)
  An adder skeleton (D:4)
  6 dart slugs
  5 leopard geckos
  9 orcs
  5 giant cockroaches
  15 goblins
  9 hobgoblins
  3 jackals (D:1)
  2 quokkas
  2 ball pythons
  11 bats
  6 frilled lizards
  8 kobolds
  A quokka skeleton (D:5)
  9 rats
105 creatures vanquished.

Notes
Turn   | Place    | Note
-------+----------+-------------------------------------------
     0 | D:1      | Hasart the Mummy Ice Elementalist began the quest for the
                  | Orb.
     0 | D:1      | Reached XP level 1. HP: 13/13 MP: 4/4
   335 | D:1      | Reached XP level 2. HP: 19/19 MP: 3/5
  1004 | D:1      | Reached XP level 3. HP: 24/24 MP: 0/7
  2166 | D:2      | Noticed Robin
  2192 | D:3      | Learned a level 3 spell: Frozen Ramparts
  2258 | D:2      | Reached XP level 4. HP: 19/30 MP: 5/9
  2262 | D:2      | Killed Robin
  2757 | D:2      | Reached skill level 1 in Shields
  3031 | D:3      | Learned a level 4 spell: Summon Ice Beast
  3040 | D:3      | Found a white marble altar of Elyvilon.
  3296 | D:3      | Reached XP level 5. HP: 25/35 MP: 1/10
  4167 | D:4      | Noticed a sky beast
  4185 | D:4      | Killed a sky beast
  4432 | D:4      | Reached XP level 6. HP: 41/41 MP: 8/12
  4505 | D:4      | Found a snail-covered altar of Cheibriados.
  4973 | D:5      | Entered Level 5 of the Dungeon
  5508 | D:5      | HP: 2/41 [phantom (7)]
  5512 | D:5      | Noticed a nameless horror
  5513 | D:5      | Slain by a phantom

Illustrated notes

Levels and vault maps discovered:
D:1:      wander_arrival_chamber, layout_basic, minmay_3d_cube
D:2:      layout_basic, first_ration, uniq_robin
D:3:      layout_loops_corners, elyvilon_altar_5
D:4:      layout_cave_pools, overflow_temple_1_default
D:5:      layout_cave_pods

Skill      XL: |  1  2  3  4  5  6 |
---------------+-------------------+-----
Spellcasting   | 3 4 |  4.6
Dodging        | 2 |  2.9
Ice Magic      | 4 |  4.9
Shields        | 1 2 |  2.0
Stealth        | |  1.5

Action                   |  1- 3 |  4- 6 || total
-------------------------+-------+-------++-------
Melee: Unarmed           |    17 |       ||    17
       Short sword       |    13 |     6 ||    19
       Hand axe          |       |    54 ||    54
 Cast: Freeze            |    71 |    55 ||   126
       Frozen Ramparts   |     1 |     5 ||     6
 Stab: Sleeping          |     1 |     2 ||     3
Armor: Robe              |    26 |    17 ||    43
Dodge: Dodged            |    54 |    66 ||   120
Block: Buckler           |       |    19 ||    19

Table legend:
 A = Non-vault XP
 B = Vault XP
 C = Vault XP percentage of total XP
 D = Non-vault monster count
 E = Vault monster count
 F = Vault count percentage of total count
                 A         B        C        D         E       F
            +---------+---------+-------+---------+---------+-------
      Total |     530 |      40 |   7.0 |      90 |      15 |  14.3
            +---------+---------+-------+---------+---------+-------
        D:1 |      53 |       5 |   8.6 |      25 |       4 |  13.8
        D:2 |      38 |      31 |  44.9 |      24 |       9 |  27.3
        D:3 |     107 |       4 |   3.6 |      19 |       2 |   9.5
        D:4 |     230 |       0 |   0.0 |      15 |       0 |   0.0
        D:5 |     102 |       0 |   0.0 |       7 |       0 |   0.0
            +---------+---------+-------+---------+---------+-------
